 Dungeon Crawl Stone Soup version 0.22-a0-113-gdd6f4a9 (webtiles) character file.

1352 SnubMonkey the Archer (level 8, 0/68 HPs)
             Began as a Centaur Hunter on Jan 28, 2018.
             Was a Believer of Okawaru.
             Slain by a hornet zombie (8 damage)
             ... in an ossuary.
             The game lasted 00:14:56 (5405 turns).

SnubMonkey the Archer (Centaur Hunter)              Turns: 5405, Time: 00:14:57

Health: 0/68       AC:  8    Str: 16    XL:     8   Next: 36%
Magic:  10/10      EV: 10    Int: 10    God:    Okawaru [**....]
Gold:   161        SH:  0    Dex: 11    Spells: 7/7 levels left

rFire    + . .     SeeInvis .   z - +0 quarterstaff
rCold    . . .     Gourm    .   (shield currently unavailable)
rNeg     . . .     Faith    .   v - +2 ring mail {rF+}
rPois    .         Spirit   .   i - +1 hat
rElec    .         Reflect  .   (no cloak)
rCorr    .         Harm     .   (no gloves)
MR       .....                  (no barding)
Stlth    ..........             (no amulet)
HPRegen  0.21/turn              g - +2 ring of evasion
MPRegen  0.12/turn              (no ring)

@: very quick
A: large, hooves 3, deformed body, speed 2, tough skin 3
a: Heroism, Renounce Religion


You were in an ossuary.
You worshipped Okawaru.
Okawaru was pleased with you.
You were not hungry.

You visited 1 branch of the dungeon, and saw 5 of its levels.
You also visited: Ossuary.

You collected 161 gold pieces.

Inventory:

Hand Weapons
 a - a +1 shortbow
 b - a +0 dagger of venom
 y - the +3 hunting sling "Poexym" {freeze, rElec Dex+2, unknown}
   (You found it on level 4 of the Dungeon)

   It causes projectiles fired from it to freeze those they strike, causing
   extra injury to most foes and up to half again as much damage against
   particularly susceptible opponents.
   They can also slow down cold-blooded creatures.
   It affects your dexterity (+2).
   It insulates you from electricity.
 z - a +0 quarterstaff (weapon)
Missiles
 d - 27 arrows
 p - 15 poisoned needles
 t - 8 curare-tipped needles
Armour
 i - a +1 hat (worn)
 v - a +2 ring mail of fire resistance (worn)
Jewellery
 g - a +2 ring of evasion (left hand)
Wands
 u - a wand of polymorph (7)
 x - a wand of enslavement (14)
Scrolls
 c - a scroll of enchant armour {unknown}
 e - a scroll of magic mapping {unknown}
 h - a scroll of amnesia {unknown}
 j - 8 scrolls of remove curse
 m - 4 scrolls of identify
 n - a scroll of immolation {unknown}
 q - 5 scrolls of teleportation
 s - a scroll of fog {unknown}
Potions
 k - 2 potions of flight
 l - a potion of ambrosia
 o - a potion of curing
 w - a potion of brilliance {unknown}
Comestibles
 f - 9 rations


   Skills:
 + Level 5.1 Fighting
 + Level 2.0 Staves
 * Level 11.7 Bows
 - Level 1.3 Dodging
 - Level 0.4 Stealth
 + Level 2.7 Invocations


You had 7 spell levels left.
You didn't know any spells.

Dungeon Overview and Level Annotations

Branches:
Dungeon (5/15)             Temple (0/1) D:5

Altars:
Dithmenos
Elyvilon
Fedhas
Hepliaklqana
Nemelex Xobeh
Okawaru
Qazlal
Zin

Shops:
D:5 %


Innate Abilities, Weirdness & Mutations

You have hooves in place of feet.
Armour fits poorly on your strangely shaped body.
You cover ground very quickly.
You have extremely tough skin. (AC +3)


Message History

The worker ant zombie bites you.
* * * LOW HITPOINT WARNING * * *
The hornet zombie hits you.
* * * LOW HITPOINT WARNING * * *
You are confused.
You feel invigorated. The hornet zombie closely misses you.
The worker ant zombie closely misses you.
You bump into the metal wall.
You feel like a meek peon again. The hornet zombie hits you!
* * * LOW HITPOINT WARNING * * *
The worker ant zombie barely misses you.
It was a potion of cancellation.
Your magical effects are unravelling.
You feel magically purged.
You feel less invigorated.
You feel less confused.
The hornet zombie hits you but does no damage.
The worker ant zombie bites you but does no damage.
The hornet zombie hits you!
You die...

### #.#
#'# +..
#.#####
+.#.!?#
#.Z@?!#
+.#Z"!#
#.#####
+.'.#
#.#####
+.#..∩#
###.'.∩.#
#.'.#...#
###.#####


You could see a worker ant zombie and a hornet zombie.

Vanquished Creatures
  Grinder (D:4)
  Edmund (D:4)
  Duvessa (D:5)
  A hornet zombie (Ossuary)
  The ghost of kegs the Skirmisher, an amateur HOFi (D:4)
  A phantom (D:4)
  A bullfrog (D:4)
  Dowan (D:5)
  3 crimson imps (D:5)
  A bullfrog zombie (Ossuary)
  An orc priest (D:3)
  A hound (D:5)
  An iguana (D:4)
  3 worker ants
  Ijyb (D:3)
  5 mummies
  A worker ant zombie (Ossuary)
  5 adders
  A gnoll (D:1)
  2 oozes (D:1)
  2 adder zombies (Ossuary)
  6 worms (D:2)
  A leopard gecko (D:1)
  11 orcs
  2 giant cockroaches
  5 goblins
  4 hobgoblins
  2 jackals (D:4)
  7 kobolds
  6 bats
  6 frilled lizards
  A giant cockroach zombie (D:5)
  A goblin zombie (D:5)
  A hobgoblin zombie (D:5)
  A quokka skeleton (D:4)
  10 rats
99 creatures vanquished.

Vanquished Creatures (others)
  A rat (D:2)
  A withered plant (Ossuary)
2 creatures vanquished.

Grand Total: 101 creatures vanquished

Notes
Turn   | Place    | Note
-------+----------+-------------------------------------------
     0 | D:1      | SnubMonkey the Centaur Hunter began the quest for the Orb.
     0 | D:1      | Reached XP level 1. HP: 17/17 MP: 1/1
   249 | D:1      | Reached skill level 6 in Bows
   249 | D:1      | Reached XP level 2. HP: 16/24 MP: 2/2
   594 | D:1      | Reached XP level 3. HP: 27/29 MP: 3/3
  1345 | D:2      | Reached skill level 7 in Bows
  1626 | D:2      | Found a white marble altar of Elyvilon.
  1809 | D:2      | Reached XP level 4. HP: 26/36 MP: 4/4
  2025 | D:2      | Found a sparkling altar of Nemelex Xobeh.
  2033 | D:2      | Found a hazy altar of Hepliaklqana.
  2037 | D:2      | Found a white marble altar of Elyvilon.
  2260 | D:3      | Reached skill level 8 in Bows
  2286 | D:3      | Found an iron altar of Okawaru.
  2295 | D:3      | Became a worshipper of Warmaster Okawaru
  2430 | D:3      | Found a shadowy altar of Dithmenos.
  2462 | D:3      | Noticed Ijyb
  2472 | D:3      | Killed Ijyb
  2614 | D:3      | Reached XP level 5. HP: 41/41 MP: 5/5
  2902 | D:3      | Found a blossoming altar of Fedhas.
  2928 | D:3      | Found a glowing silver altar of Zin.
  3095 | D:4      | Found a stormy altar of Qazlal.
  3104 | D:4      | Noticed kegs's ghost (amateur HOFi)
  3192 | D:4      | Killed kegs's ghost
  3192 | D:4      | Reached skill level 9 in Bows
  3192 | D:4      | Reached XP level 6. HP: 48/51 MP: 6/6
  3288 | D:4      | Noticed Grinder
  3482 | D:4      | Reached * piety under Okawaru
  3712 | D:4      | Noticed Edmund
  3814 | D:4      | Paralysed by Grinder for 3 turns
  3867 | D:4      | Killed Grinder
  3867 | D:4      | Reached skill level 10 in Bows
  3867 | D:4      | Reached XP level 7. HP: 47/59 MP: 7/7
  3882 | D:4      | Killed Edmund
  3882 | D:4      | Reached ** piety under Okawaru
  4382 | D:4      | Got a smoking hunting sling
  4483 | D:5      | Entered Level 5 of the Dungeon
  4530 | D:5      | Found Ithraphi's Food Shop.
  4618 | D:5      | Reached skill level 11 in Bows
  4618 | D:5      | Reached skill level 1 in Invocations
  4860 | D:5      | Reached skill level 1 in Staves
  4890 | D:5      | Noticed Dowan
  4892 | D:5      | Noticed Duvessa
  4943 | D:5      | Killed Duvessa
  4943 | D:5      | Reached XP level 8. HP: 62/67 MP: 9/9
  4954 | D:5      | Killed Dowan
  5005 | D:5      | Found a staircase to the Ecumenical Temple.
  5036 | D:5      | Found a sand-covered staircase.
  5131 | Ossuary  | Entered an ossuary
  5170 | Ossuary  | Reached skill level 5 in Fighting
  5405 | Ossuary  | Slain by a hornet zombie

Vault maps used:
D:1:      dpeg_arrival_orchard
D:2:      minmay_overflow_temple_star_quad, elyvilon_altar_4
D:3:      nicolae_overflow_quartered_altars, uniq_ijyb
D:4:      nicolae_qazlal_eye_of_the_storm, uniq_grinder, uniq_edmund
D:5:      minmay_temple_entry_overgrown, nicolae_ossuary_entry_giza,
          serial_shops, nicolae_shop_trees, first_ration, uniq_duvessa
Ossuary:  ossuary_zaba_flooded

Skill      XL: |  1  2  3  4  5  6  7  8 |
---------------+-------------------------+-----
Bows           | 6 7 8 9 10 11 | 11.7
Fighting       | 3 4 5 |  5.1
Invocations    | 2 |  2.7
Staves         | 1 2 |  2.0
Dodging        | |  1.3
Stealth        | |  0.4

Action                   |  1- 3 |  4- 6 |  7- 9 || total
-------------------------+-------+-------+-------++-------
Melee: Short sword       |    42 |       |       ||    42
       Kick              |    16 |    13 |    23 ||    52
       Dagger            |    68 |    70 |    38 ||   176
       Quarterstaff      |       |       |    45 ||    45
       Punch             |       |       |     1 ||     1
 Fire: Shortbow          |     6 |   132 |   113 ||   251
Invok: Heroism           |       |       |     3 ||     3
  Use: Scroll            |     2 |     2 |       ||     4
       Potion            |       |       |     3 ||     3
  Eat: Chunk             |     2 |     5 |     3 ||    10
       Ration            |       |       |     1 ||     1
Armor: Leather armour    |    35 |     2 |       ||    37
       Ring mail         |       |    20 |    36 ||    56
Dodge: Dodged            |    56 |    30 |    59 ||   145

Table legend:
 A = Spawn XP
 B = Non-spawn XP
 C = Spawn XP percentage of total XP
 D = Spawn monster count
 E = Non-spawn monster count
 F = Spawn count percentage of total count
 G = Total turns spent on level
                    A         B        C        D         E        F      G
               +---------+---------+-------+---------+---------+-------+---------
         Total |       0 |    1932 |   0.0 |       0 |      99 |   0.0 |  5405
               +---------+---------+-------+---------+---------+-------+---------
           D:1 |       0 |      45 |   0.0 |       0 |      13 |   0.0 |  1069
           D:2 |       0 |      90 |   0.0 |       0 |      25 |   0.0 |  1095
           D:3 |       0 |     126 |   0.0 |       0 |      17 |   0.0 |   859
           D:4 |       0 |     885 |   0.0 |       0 |      20 |   0.0 |  1460
           D:5 |       0 |     504 |   0.0 |       0 |      15 |   0.0 |   648
       Ossuary |       0 |     282 |   0.0 |       0 |       9 |   0.0 |   274
               +---------+---------+-------+---------+---------+-------+---------
